Map: Simulacrum LE

Players

Wolf

  • Race: Protoss Protoss
  • League: Gold
  • Spawn Location: 11:00

ViBE - Winner!

  • Race: Protoss Protoss
  • League: Gold
  • Spawn Location: 5:00

VOD

Have the link to the VOD?

Description

Time

  • Played on: Dec. 7, 2019, 7:09 p.m.
  • Length: 17:14
Show
View Real Time Build Order
Export as new Build Order

Wolf Protoss 

Build Orders:  

Get SALT Encoding   

  12  0:02  Probe  
  13  0:15  Pylon  
  13  0:22  Assimilator  
  13  0:36  Gateway  
  13  0:42  Probe (Chrono Boost)  
  14  0:51  Probe (Chrono Boost)  
  15  0:58  Pylon  
  15  1:02  Probe  
  16  1:26  Cybernetics Core  
  16  1:30  Forge  
  16  1:34  Zealot  
  18  1:40  Pylon  
  18  1:46  Probe (Chrono Boost)  
  19  1:56  Probe (Chrono Boost)  
  19  2:01  Probe (Chrono Boost)  
  21  2:14  Assimilator  
  21  2:29  Stargate  
  21  2:48  Probe (Chrono Boost)  
  21  2:49  Nexus  
  22  2:58  Probe (Chrono Boost)  
  23  3:02  Pylon  
  23  3:03  Probe (Chrono Boost)  
  24  3:08  Photon Cannon  
  24  3:24  Photon Cannon  
  24  3:31  Void Ray  
  27  3:38  Probe (Chrono Boost)  
  29  3:49  Probe (Chrono Boost)  
  29  3:54  Probe (Chrono Boost)  
  30  4:14  Void Ray  
  30  4:16  Probe (Chrono Boost)  
  36  4:19  Probe (Chrono Boost)  
  36  4:26  Probe (Chrono Boost), Assimilator  
  36  4:28  Assimilator  
  36  4:29  Probe (Chrono Boost)  
  36  4:31  Probe (Chrono Boost)  
  38  4:37  Stargate  
  39  4:45  Probe  
  40  4:57  Probe, Void Ray  
  45  5:07  Pylon  
  45  5:09  Probe (Chrono Boost)  
  45  5:10  Pylon  
  46  5:16  Zealot  
  46  5:21  Probe (Chrono Boost), Void Ray  
  53  5:29  Probe (Chrono Boost)  
  54  5:35  Probe (Chrono Boost)  
  54  5:42  Void Ray  
  59  5:43  Zealot  
  59  5:46  Probe (Chrono Boost)  
  62  5:51  Probe (Chrono Boost)  
  62  5:56  Stargate  
  63  6:05  Gateway  
  63  6:08  Pylon  
  63  6:10  Void Ray  
  67  6:15  Pylon  
  67  6:33  Void Ray  
  71  6:44  Nexus  
  71  6:47  Void Ray  
  75  6:56  Pylon  
  75  7:02  Void Ray  
  75  7:04  Zealot  
  81  7:15  Probe  
  81  7:18  Probe  
  83  7:23  Zealot  
  83  7:25  Void Ray  
  83  7:28  Probe  
  90  7:30  Probe  
  91  7:38  Zealot  
  93  7:48  Photon Cannon  
  93  7:54  Pylon  
  93  7:56  Void Ray  
  97  8:13  Void Ray  
  97  8:16  Void Ray  
  97  8:18  Zealot x2  
  109  8:23  Twilight Council  
  109  8:26  Probe (Chrono Boost)  
  110  8:36  Probe (Chrono Boost)  
  111  8:41  Probe (Chrono Boost)  
  111  8:48  Protoss Air Weapons Level 1  
  112  8:50  Void Ray  
  112  8:53  Probe  
  117  9:05  Protoss Ground Weapons Level 1, Pylon  
  117  9:08  Pylon  
  117  9:10  Pylon  
  117  9:15  Pylon  
  117  9:16  Probe  
  117  9:23  Void Ray, Zealot x2  
  125  9:26  Void Ray  
  125  9:28  Probe  
  130  9:54  Void Ray  
  130  9:56  Zealot x2  
  130  9:58  Charge  
  134  10:47  Void Ray x3  
  146  11:04  Assimilator  
  146  11:06  Zealot  
  148  11:33  Pylon  
  148  11:36  Pylon  
  148  11:38  Pylon  
  148  11:40  Pylon  
  148  11:51  Void Ray, Zealot x2  
  148  11:53  Void Ray x2  
  164  11:55  Protoss Shields Level 1  
  156  12:11  Protoss Air Armor Level 1  
  134  12:18  Zealot x2  
  122  12:36  Void Ray  
  122  12:37  Void Ray x2  
  132  12:45  Zealot  
  132  12:49  Assimilator  
  134  12:54  Pylon  
  134  13:08  Pylon  
  138  13:20  Void Ray (Chrono Boost)  
  138  13:22  Nexus  
  138  13:26  Photon Cannon  
  132  13:36  Void Ray (Chrono Boost)  
  132  13:37  Void Ray (Chrono Boost)  
  140  13:54  Void Ray (Chrono Boost)  
  123  14:03  Protoss Ground Weapons Level 2  
  123  14:06  Void Ray  
  123  14:08  Zealot (Chrono Boost)  
  123  14:09  Zealot (Chrono Boost)  
  91  14:12  Void Ray  
  91  14:16  Gateway  
  67  14:20  Gateway  
  65  14:26  Stargate  
  65  14:30  Gateway  
  60  14:33  Zealot x2 (Chrono Boost)  
  63  14:39  Void Ray  
  63  14:53  Zealot  
  65  15:22  Void Ray  
Show
View Real Time Build Order
Export as new Build Order

ViBE Protoss - Winner!

Build Orders:  

Get SALT Encoding   

  12  0:01  Probe  
  13  0:13  Probe  
  14  0:18  Pylon  
  14  0:25  Probe  
  15  0:37  Probe  
  15  0:38  Gateway  
  16  0:48  Assimilator  
  16  0:49  Probe  
  17  1:01  Probe (Chrono Boost)  
  18  1:13  Probe (Chrono Boost)  
  19  1:20  Probe (Chrono Boost)  
  20  1:26  Cybernetics Core  
  20  1:27  Probe, Gateway  
  21  1:34  Pylon  
  22  1:40  Probe  
  22  1:46  Assimilator  
  22  1:52  Probe  
  23  1:56  Pylon  
  23  2:04  Probe  
  24  2:09  Stalker  
  26  2:16  Probe  
  26  2:21  Stalker  
  29  2:28  Probe  
  30  2:43  Nexus  
  30  2:45  Probe  
  31  2:53  Warp Gate  
  31  2:57  Probe  
  32  3:00  Stalker  
  34  3:09  Probe  
  34  3:12  Pylon  
  35  3:21  Probe (Chrono Boost)  
  36  3:27  Stalker  
  36  3:33  Probe (Chrono Boost)  
  39  3:38  Probe (Chrono Boost)  
  40  3:42  Pylon  
  40  3:44  Stalker  
  40  3:48  Probe (Chrono Boost)  
  44  3:57  Probe (Chrono Boost)  
  44  3:58  Probe (Chrono Boost)  
  45  4:04  Probe (Chrono Boost)  
  45  4:06  Probe (Chrono Boost)  
  45  4:09  Probe (Chrono Boost)  
  47  4:14  Probe  
  47  4:16  Stalker  
  51  4:21  Probe  
  51  4:23  Nexus  
  52  4:26  Probe  
  53  4:31  Robotics Facility  
  53  4:33  Probe  
  53  4:37  Assimilator  
  54  4:38  Probe  
  54  4:39  Assimilator  
  54  4:45  Stalker  
  57  4:46  Probe (Chrono Boost)  
  57  4:50  Probe (Chrono Boost)  
  57  4:52  Pylon  
  59  4:58  Probe (Chrono Boost)  
  61  5:01  Probe (Chrono Boost)  
  61  5:03  Probe (Chrono Boost)  
  61  5:06  Stalker, Probe (Chrono Boost)  
  64  5:10  Pylon  
  64  5:12  Pylon, Probe  
  64  5:13  Pylon  
  66  5:15  Pylon  
  66  5:17  Probe  
  66  5:19  Observer  
  66  5:20  Stalker  
  70  5:24  Probe  
  71  5:29  Probe  
  71  5:34  Stalker  
  74  5:36  Probe  
  74  5:41  Probe x2  
  77  5:46  Pylon  
  77  5:48  Stalker  
  77  5:49  Probe (Chrono Boost)  
  80  5:51  Immortal  
  80  5:53  Probe (Chrono Boost)  
  80  5:54  Probe (Chrono Boost)  
  86  6:01  Probe (Chrono Boost)  
  89  6:04  Probe x2 (Chrono Boost)  
  89  6:06  Probe (Chrono Boost)  
  89  6:08  Pylon, Probe (Chrono Boost)  
  89  6:09  Probe (Chrono Boost)  
  92  6:15  Probe  
  93  6:19  Probe x2  
  93  6:21  Nexus  
  93  6:23  Pylon  
  95  6:27  Probe  
  95  6:32  Assimilator  
  96  6:34  Assimilator  
  96  6:36  Stalker x2  
  100  6:41  Immortal  
  104  6:50  Gateway  
  104  6:51  Gateway  
  104  6:53  Probe x3, Gateway  
  107  6:54  Gateway  
  107  7:05  Probe x3  
  110  7:15  Pylon  
  110  7:18  Stalker x2, Pylon  
  110  7:21  Immortal  
  118  7:29  Pylon  
  118  7:32  Probe (Chrono Boost)  
  118  7:33  Probe x2 (Chrono Boost)  
  118  7:35  Probe (Chrono Boost), Twilight Council  
  122  7:43  Probe (Chrono Boost)  
  126  7:44  Probe x2 (Chrono Boost)  
  126  7:45  Probe (Chrono Boost)  
  126  7:48  Probe (Chrono Boost)  
  127  7:52  Stalker x2  
  127  7:53  Stalker x4  
  139  8:02  Nexus, Assimilator  
  139  8:03  Assimilator, Immortal  
  139  8:04  Pylon  
  143  8:15  Templar Archives  
  143  8:23  Forge  
  143  8:24  Stalker x3  
  143  8:25  Stalker x2, Forge  
  143  8:26  Stalker  
  155  8:27  Forge  
  155  8:46  Immortal  
  159  8:54  Stalker x4  
  159  8:55  Stalker x2  
  171  9:01  Photon Cannon  
  171  9:03  Photon Cannon  
  171  9:04  Photon Cannon  
  171  9:06  Photon Cannon  
  171  9:08  Photon Cannon  
  171  9:11  Photon Cannon  
  171  9:14  Photon Cannon  
  171  9:17  Photon Cannon  
  171  9:21  Photon Cannon  
  171  9:23  Photon Cannon  
  171  9:25  Immortal  
  171  9:26  Assimilator  
  171  9:27  Assimilator  
  175  9:34  High Templar x4  
  175  9:35  High Templar x2  
  187  9:58  Gateway  
  187  10:01  Gateway  
  187  10:03  Gateway  
  187  10:05  Immortal  
  191  10:07  Gateway  
  191  10:17  Gateway  
  191  10:22  Gateway  
  191  10:23  Gateway, Archon x3  
  191  10:32  Pylon  
  191  10:33  Stalker x2  
  191  10:34  Stalker  
  181  10:36  Pylon  
  181  10:39  Pylon  
  171  10:44  Observer  
  171  10:45  Pylon  
  171  10:49  Pylon  
  172  10:54  Stalker  
  174  10:59  Gateway  
  174  11:01  Gateway  
  174  11:03  Gateway  
  174  11:05  Gateway  
  174  11:07  Gateway  
  174  11:10  High Templar x3  
  174  11:11  High Templar x4, Gateway  
  184  11:12  High Templar x2  
  184  11:13  Gateway, Immortal  
  184  11:15  Gateway  
  184  11:17  Archon  
  184  11:18  Gateway, Archon x3  
  196  11:20  Gateway  
  196  11:23  Gateway  
  196  11:25  Forge  
  196  11:26  Gateway, Forge  
  196  11:27  Gateway  
  196  11:29  Forge  
  194  11:59  Stalker  
  194  12:00  Stalker x2  
  194  12:01  Protoss Ground Weapons Level 1 (Chrono Boost), Stalker, Protoss Ground Armor Level 1 (Chrono Boost)  
  200  12:02  Stalker, Protoss Shields Level 1 (Chrono Boost)  
  200  12:03  Stalker x2  
  200  12:04  Stalker x3  
  200  12:05  Stalker x2, Nexus  
  200  12:08  Pylon  
  180  12:12  High Templar  
  180  12:13  High Templar x4  
  180  12:14  High Templar  
  180  12:15  High Templar x2  
  192  12:19  Archon x2  
  192  12:20  Archon x2  
  179  12:26  Pylon  
  179  12:29  High Templar x4  
  165  12:30  High Templar x4  
  165  12:31  High Templar x2  
  165  12:32  High Templar x4  
  157  12:47  Archon x4  
  157  12:48  Archon x3  
  157  12:50  Stalker x3  
  157  12:51  Stalker x3  
  165  12:52  Stalker  
  165  12:56  Stalker  
  165  12:58  Stalker  
  175  13:00  Photon Cannon  
  175  13:02  Stalker, Photon Cannon  
  175  13:03  Stalker  
  179  13:05  Stalker  
  179  13:08  Stalker  
  183  13:26  Probe  
  182  13:27  Probe  
  182  13:33  Nexus  
  178  13:38  Stalker x3  
  178  13:39  Stalker x4  
  178  13:40  Stalker  
  193  13:57  Probe  
  193  13:58  Probe x3  
  193  13:59  Protoss Ground Weapons Level 2 (Chrono Boost)  
  193  14:00  Protoss Shields Level 2 (Chrono Boost), Protoss Ground Armor Level 2 (Chrono Boost)  
  169  14:09  Probe  
  146  14:13  High Templar  
  146  14:14  High Templar x4  
  146  14:15  High Templar x2  
  160  14:17  High Templar  
  160  14:19  Stalker  
  160  14:20  Archon  
  160  14:21  Archon x2  
  160  14:22  Archon  
  160  14:24  Stalker x2  
  166  14:25  Stalker  
  166  14:27  Stalker  
  172  14:38  Assimilator  
  172  14:42  Pylon  
  172  14:43  Assimilator  
  172  14:46  Stalker x2  
  172  14:47  Stalker x2  
  172  14:48  Stalker x2  
  172  14:49  Stalker x2  
  172  14:50  Stalker x2  
  172  14:51  Stalker  
  192  14:54  Stalker  
  194  15:18  Assimilator  
  194  15:23  Assimilator  
  194  15:25  Nexus  
  194  15:28  Pylon  
Tags
 
Add a new tag
Caveats
  • Supply blocks, unpowered buildings, or Contaminate may cause inaccurate times.
  • Supply counts are checked every 10 seconds.